 Dungeon Crawl Stone Soup version 0.30-b1-2-g02819fbbbe (webtiles) character file.

Game seed: 5266027571663498237

523 Alarkh the Conjurer (level 7, 0/52 HPs)
             Began as a Demonspawn Conjurer on May 28, 2023.
             Slain by a troll (18 damage)
             ... on level 5 of the Dungeon.
             The game lasted 00:04:22 (3374 turns).

Alarkh the Conjurer (Demonspawn Conjurer)           Turns: 3374, Time: 00:04:23

Health: 0/52       AC:  3    Str:  8    XL:     7   Next: 2%
Magic:  3/12       EV: 12    Int: 25    God:
Gold:   218        SH:  0    Dex: 15    Spells: 10/13 levels left

rFire   + . .        h - +12 mace "Daijebb" {freeze, Contam rElec rF+ Dex+4}
rCold   . . .        (no shield)
rNeg    . . .        d - +0 robe
rPois   .            (no helmet)
rElec   +            j - +0 cloak
rCorr   .            (no gloves)
SInv    .            (no boots)
Will    .....        (no amulet)
Stlth   ++           (no ring)
HPRegen 0.28/turn    (no ring)
MPRegen 0.13/turn

%: no passive effects
@: no status effects
A: claws 2, big brain 2
a: no special abilities


You were on level 5 of the Dungeon.
You visited 1 branch of the dungeon, and saw 5 of its levels.

You collected 305 gold pieces.
You spent 87 gold pieces at shops.

Inventory:

Hand Weapons
 h - the +12 mace "Daijebb" (weapon) {freeze, Contam rElec rF+ Dex+4}
   (You found it on level 2 of the Dungeon)

   Dex:       It affects your dexterity (+4).
   rF:        It protects you from fire.
   rElec:     It insulates you from electricity.
   Contam:    It causes magical contamination when unequipped.
Armour
 d - a +0 robe (worn)
 j - a +0 cloak (worn)
Wands
 m - a wand of flame (3)
Scrolls
 g - a scroll of enchant armour {unknown}
 i - 4 scrolls of teleportation {unknown}
 l - a scroll of fear {unknown}
 n - 4 scrolls of amnesia {unknown}
 o - a scroll of butterflies {unknown}
 p - a scroll of acquirement {unknown}
 r - 4 scrolls of identify
 s - a scroll of fog {unknown}
 t - a scroll of brand weapon {unknown}
Potions
 a - a potion of cancellation
 b - 2 potions of magic
 c - 5 potions of curing
 e - 2 potions of heal wounds {unknown}
 f - a potion of mutation
 k - a potion of attraction
 q - a potion of invisibility
 u - a potion of haste {unknown}


   Skills:
 + Level 3.2 Fighting
 - Level 1.7 Dodging
 - Level 1.7 Stealth
 - Level 0.6 Unarmed Combat
 + Level 3.6 Spellcasting
 * Level 6.7 Conjurations


You had 10 spell levels left.
You knew the following spells:

 Your Spells              Type           Power      Damage    Failure   Level
a - Searing Ray           Conj           76%        2d7       1%          2
b - Magic Dart            Conj           100%       1d8       1%          1

Your spell library contained the following spells:

 Spells                   Type           Power      Damage    Failure   Level
 Dazzling Flash           Conj/Hex       42%        N/A       7%          3
 Stone Arrow              Conj/Erth      42%        3d9       7%          3
 Mephitic Cloud           Conj/Pois/Air  15%        N/A       12%         3
 Poisonous Vapours        Pois/Air       8%         N/A       14%         2
 Fulminant Prism          Conj/Hex       10%        3d8       24%         4
 Iskenderun's Mystic Bla  Conj/Tloc      21%        2d6       24%         4
 Portal Projectile        Hex/Tloc       8%         N/A       28%         3
 Tukima's Dance           Hex            4%         N/A       28%         3
 Animate Armour           Summ/Erth      8%         N/A       67%         4
 Freezing Cloud           Conj/Ice/Air   7%         6-21      71%         5
 Blade Hands              Tmut           2%         N/A       95%         5
 Lehudib's Crystal Spear  Conj/Erth      10%        10d4      100%        8


Dungeon Overview and Level Annotations

Branches:
Dungeon (5/15)
 Temple: D:4-7

Altars:

Shops:
D:5 *


Innate Abilities, Weirdness & Mutations

You have very sharp fingernails.
You have an extremely huge brain. (Int +4)


Message History

The searing ray hits the ogre!
You kill the ogre!
The searing ray hits the troll.
The troll is severely wounded.
The searing ray hits the orc!
You kill the orc!
You finish channelling your searing ray.
The iguana barely misses you.
Your Fighting skill increases to level 3!
Casting: Searing Ray (safe; 1% risk of failure)
Confirm with . or Enter, or press ? or * to list all spells.
Aiming: Searing Ray (safe; 1% risk of failure)
Press: ? - help, Shift-Dir - straight line, f - iguana
Aim: an iguana (almost dead, 83% to hit)
The searing ray hits the iguana!
You kill the iguana!
The searing ray misses the troll.
The searing ray misses the scorpion. (Press . to maintain the ray.)
The water moccasin barely misses you. x2
You have reached level 7!
Your demonic ancestry asserts itself...
Your fingernails sharpen.
The searing ray hits the troll!
The troll is almost dead.
The searing ray hits the scorpion!
The scorpion is heavily wounded.
The troll bites you. The troll closely misses you. x2
The water moccasin bites you.
The searing ray misses the troll.
The searing ray misses the scorpion.
The water moccasin bites you.
You are poisoned.
The water moccasin poisons you! The troll barely misses you.
The troll claws you! The troll closely misses you.
Unknown command.
You feel very sick.
The water moccasin bites you but does no damage.
It was a potion of curing.
You feel better. The troll bites you.
The troll claws you! x2; The water moccasin barely misses you.
The troll attacks as you move away! The troll bites you!!
You die...

#.# #.........# ###
#.# #......##.# ..#
#.# ##.##.###.#
#.##.##
#.##.###.##### ###
#....###.##.##.......
...
#..............######
#.# ##.##..##.###.###
#.###.###..##.# #.#
#...####@.##.###.###
#..).)sTS.........)#
#?######.........#†#
#...# ..#.#######.#
.....O) ....# ##.## #
#..#So...##.####
####...####.
..........##.
#....>....#.
..#...#....##.
#.##...##.#. . .
.#$#..## #.###.###.#.


You could see a troll, a water moccasin and a scorpion.

Vanquished Creatures
  2 ogres (D:5)
  A hound (D:5)
  A jelly (D:3)
  2 iguanas
  Natasha (twice) (D:3)
  7 gnolls
  3 adders
  2 ufetubi (D:5)
  A worm (D:4)
  A dart slug (D:5)
  11 orcs
  5 ball pythons
  5 endoplasms
  4 giant cockroaches
  3 goblins
  6 hobgoblins
  6 jackals
  3 quokkas
  3 bats
  6 frilled lizards
  4 kobolds
  2 rats
80 creatures vanquished.

Notes
Turn   | Place    | Note
-------+----------+-------------------------------------------
     0 | D:1      | Alarkh the Demonspawn Conjurer began the quest for the Orb.
     0 | D:1      | Reached XP level 1. HP: 13/13 MP: 3/3
   315 | D:1      | Gained mutation: You have sharp fingernails. [demonic
                  | ancestry]
   315 | D:1      | Reached XP level 2. HP: 19/19 MP: 1/5
   318 | D:1      | Learned a level 2 spell: Searing Ray
  1104 | D:2      | Identified the +12 mace "Daijebb" {freeze, Contam rElec rF+
                  | Dex+4}
  1129 | D:2      | Gained mutation: You have an unusually large brain. (Int
                  | +2) [demonic ancestry]
  1129 | D:2      | Reached XP level 3. HP: 25/25 MP: 6/6
  1790 | D:3      | Reached skill level 1 in Fighting
  1795 | D:3      | Reached skill level 5 in Conjurations
  1837 | D:3      | Gained mutation: You have an extremely huge brain. (Int +4)
                  | [demonic ancestry]
  1837 | D:3      | Reached XP level 4. HP: 32/32 MP: 7/7
  1844 | D:3      | Noticed Natasha
  1848 | D:3      | Killed Natasha
  2008 | D:3      | Reached XP level 5. HP: 33/38 MP: 9/9
  2183 | D:3      | Noticed Natasha
  2187 | D:3      | Killed Natasha
  2865 | D:4      | Reached skill level 6 in Conjurations
  2865 | D:4      | Reached XP level 6. HP: 42/43 MP: 10/10
  3101 | D:5      | Entered Level 5 of the Dungeon
  3121 | D:5      | Found Xeum's Assorted Antiques.
  3139 | D:5      | Bought a scroll labelled CUV ETUOTETS for 23 gold pieces
  3139 | D:5      | Bought a scroll labelled DIOGGE KIUHEI for 23 gold pieces
  3139 | D:5      | Bought 2 silvery potions for 41 gold pieces
  3356 | D:5      | Noticed a troll
  3356 | D:5      | Noticed a water moccasin
  3358 | D:5      | Noticed an ice beast
  3370 | D:5      | Gained mutation: You have very sharp fingernails. [demonic
                  | ancestry]
  3370 | D:5      | Reached XP level 7. HP: 51/52 MP: 4/12
  3374 | D:5      | Slain by a troll

Illustrated notes

Levels and vault maps discovered:
D:1:      wander_arrival_lonely_grave, layout_loops_ring
D:2:      layout_basic
D:3:      layout_loops_ring, minmay_door_square, hangedman_decor_riveting,
          uniq_natasha
D:4:      layout_gridville
D:5:      cheibrodos_fzero, layout_loops_ring, serial_shops, shop,
          minmay_small_thing, uniq_blork_the_orc

Skill      XL: |  1  2  3  4  5  6 |
---------------+-------------------+-----
Fighting       | 1 2 3 |  3.2
Conjurations   | 5 6 |  6.7
Spellcasting   | 3 |  3.6
Dodging        | |  1.7
Stealth        | |  1.7
Unarmed Combat | |  0.6

Action                     |  1- 3 |  4- 6 |  7- 9 || total
---------------------------+-------+-------+-------++-------
  Melee: Unarmed           |     5 |       |       ||     5
         Mace              |    18 |    68 |       ||    86
   Cast: Magic Dart        |    16 |       |       ||    16
         Searing Ray       |    13 |     7 |       ||    20
    Use: Scroll            |       |     4 |       ||     4
         Potion            |       |       |     1 ||     1
   Stab: Sleeping          |     2 |     1 |       ||     3
         Distracted        |       |     1 |       ||     1
 Armour: Robe              |     6 |     7 |     1 ||    14
  Dodge: Dodged            |    12 |    70 |     5 ||    87
